 Seeded DCSS version 0.28-a0-1510-gd0f6b136d3 (webtiles) character file.

Game seed: 20220115 (custom seed)

17 murtidash the Skirmisher (level 2, -2/27 HPs)
             Began as a Hill Orc Delver on Jan 15, 2022.
             Was an Initiate of Makhleb.
             Slain by an iguana (5 damage)
             ... on level 4 of the Dungeon.
             The game lasted 00:03:12 (809 turns).

murtidash the Skirmisher (Hill Orc Delver)           Turns: 809, Time: 00:03:12

Health: -2/27      AC:  3    Str: 14    XL:     2   Next: 62%
Magic:  2/2        EV: 11    Int: 10    God:    Makhleb [......]
Gold:   0          SH:  0    Dex: 12    Spells: 1/1 levels left

rFire   . . .      SeeInvis .   a - +0 hand axe
rCold   . . .      Faith    .   (no shield)
rNeg    . . .      Spirit   .   b - +0 leather armour
rPois   .          Reflect  .   (no helmet)
rElec   .          Harm     .   (no cloak)
rCorr   .          Rampage  .   (no gloves)
Will    .....                   (no boots)
Stlth   ++........              (no amulet)
HPRegen 0.09/turn               (no ring)
MPRegen 0.08/turn               (no ring)

@: hasted, very quick
A: no striking features
a: Renounce Religion


You were on level 4 of the Dungeon.
You worshipped Makhleb.
Makhleb was noncommittal.
You visited 2 branches of the dungeon, and saw 3 of its levels.

Inventory:

Hand Weapons
 a - a +0 hand axe (weapon)
Armour
 b - a +0 leather armour (worn)
Wands
 g - a wand of digging (3)
 i - a wand of charming (11)
   (You found it on level 5 of the Dungeon)
Scrolls
 c - a scroll of fog
 d - a scroll of magic mapping {!r}
 e - a scroll of fear
 k - a scroll of summoning {unknown}
 l - a scroll of holy word {unknown}
Potions
 h - a potion of curing {unknown}
 j - 2 potions of brilliance {unknown}


   Skills:
 + Level 4.2 Fighting
 + Level 3.5 Axes
 - Level 1.5 Dodging
 - Level 4.1 Stealth


You had one spell level left.
You didn't know any spells.
Your spell library was empty.

Dungeon Overview and Level Annotations

Branches:
Dungeon (5/15)             Temple (1/1) D:4

Altars:
Ashenzari
Fedhas
Hepliaklqana
Makhleb
Nemelex Xobeh
Okawaru
Qazlal
Ru
Sif Muna
Trog
The Shining One
Jiyva


Message History

You completely miss the hound skeleton. The hound skeleton closely misses you.
You hit the hound skeleton. The hound skeleton bites you.
The hound skeleton barely misses you.
You take 2 damage, and have 17/20 hp.
You barely miss the hound skeleton.
The hound skeleton bites you but does no damage.
You hit the hound skeleton.
The hound skeleton bites you but does no damage.
You hit the hound skeleton. The hound skeleton bites you. x2
You take 4 damage, and have 13/20 hp.
You hit the hound skeleton. The hound skeleton bites you.
You take 3 damage, and have 10/20 hp.
You hit the hound skeleton. The hound skeleton bites you.
* * * LOW HITPOINT WARNING * * *
The hound skeleton bites you.
* * * LOW HITPOINT WARNING * * *
You take 6 damage, and have 4/20 hp.
MASSIVE DAMAGE!!
You hit the hound skeleton.
You destroy the hound skeleton!
Your Fighting skill increases to level 4!
Your Axes skill increases to level 3!
You have reached level 2!
You regained 2 hp, and now have 6/27 hp.
MP restored: 2
Found a staircase to the Ecumenical Temple.
l - a scroll labelled NANITE BYLU
There is a staircase to the Ecumenical Temple here.
You climb downwards.
Welcome to the Ecumenical Temple!
Found four altars.
There is a staircase back to the Dungeon here.
Found a viscous altar of Jiyva and a broken altar of Ashenzari.
Health restored: 27
Found two altars.
Found a blossoming altar of Fedhas.
There is a staircase back to the Dungeon here.
Found a bloodstained altar of Trog and a viscous altar of Jiyva.
Found a viscous altar of Jiyva and an iron altar of Okawaru.
Found a glowing golden altar of the Shining One.
There is a glowing golden altar of the Shining One here.
There is a staircase back to the Dungeon here.
Done exploring.
Done exploring.
Done exploring.
Done exploring.
Done exploring.
Done exploring.
You are splashed with acid!
You take 6 damage, and have 21/27 hp.
MASSIVE DAMAGE!!
There is a viscous altar of Jiyva here.
You start resting.
Health restored: 27
There is a staircase back to the Dungeon here.
There is a burning altar of Makhleb here.
You kneel at the altar of Makhleb.
Unknown command.
Press < or > to pray at altars.
There is a stormy altar of Qazlal here.
You kneel at the altar of Qazlal.
Unknown command.
Press < or > to pray at altars.
Unknown command.
Press < or > to pray at altars.
Search for what [? for help]? ignis Can't find anything matching that.
There is a burning altar of Makhleb here.
You kneel at the altar of Makhleb.
Makhleb welcomes you!
There is a staircase back to the Dungeon here.
You climb upwards.
There is a staircase to the Ecumenical Temple here.
A worm comes into view.
A worm is nearby!
The worm misses you.
You slash the worm! The worm closely misses you.
You barely miss the worm. You hit the worm. You miss the butterfly.
The worm closely misses you.
You hit the worm. The worm closely misses you.
You slash the worm!
You kill the worm!
Makhleb accepts your kill.
You miss the butterfly.
No target in view!
No target in view!
No target in view!
No target in view!
You barely miss the butterfly.
The iguana hisses angrily.
The iguana closely misses you.
You closely miss the iguana. The iguana bites you!
You take 11 damage, and have 16/27 hp.
MASSIVE DAMAGE!!
You feel yourself speed up. The iguana bites you.
You take 1 damage, and have 15/27 hp.
You hit the iguana. The iguana closely misses you.
You hit the iguana but do no damage. The iguana bites you!
* * * LOW HITPOINT WARNING * * *
You take 13 damage, and have 2/27 hp.
MASSIVE DAMAGE!!
You hit the iguana but do no damage. You completely miss the butterfly.
The iguana bites you.
You die...

##.#.#............#.#
#..#####.#####.....#
#.>#####.# #.#####
#..<.....# #.#
###.####### #+#
#.....# ... #.....#
..... #.....## .......
#....@.####.........##
#...l.....+.........+.
####....###......O..##
#....# #....#
########..>.#
#........b..#
#.######.#### #.# ###
##


You could see an iguana.

Vanquished Creatures
  A hound skeleton (D:4)
  A worm (D:4)
  A hobgoblin (D:4)
3 creatures vanquished.

Notes
Turn   | Place    | Note
-------+----------+-------------------------------------------
     0 | D:5      | murtidash the Hill Orc Delver began the quest for the Orb.
     0 | D:5      | Reached XP level 1. HP: 19/19 MP: 1/1
   150 | D:5      | Noticed an orc wizard
   244 | D:4      | Noticed an iguana
   273 | D:4      | Noticed an ogre
   356 | D:4      | HP: 4/20 [hound skeleton (2)]
   358 | D:4      | Reached skill level 4 in Fighting
   358 | D:4      | Reached skill level 3 in Axes
   358 | D:4      | Reached XP level 2. HP: 6/27 MP: 2/2
   359 | D:4      | Found a staircase to the Ecumenical Temple.
   369 | Temple   | Entered the Ecumenical Temple
   773 | Temple   | Became a worshipper of Makhleb the Destroyer
   798 | D:4      | HP: 2/27 [iguana (13)]
   809 | D:4      | Slain by an iguana

Illustrated notes

Levels and vault maps discovered:
D:4:      nicolae_cairo_tiling_very_big, layout_loops_corners,
          lemuel_zombie_altar_yredelemnul, minmay_temple_entry_butterflies,
          kennysheep_big_empty_room
D:5:      layout_basic
Temple:   pf_slimified_temple

Skill      XL: |  1 |
---------------+----+-----
Fighting       | 4 |  4.2
Axes           | 3 |  3.5
Dodging        | |  1.5
Stealth        | |  4.1

Action                   || total
-------------------------++-------
Melee: Hand axe          ||    20
  Use: Potion            ||     1
 Stab: Sleeping          ||     1
Armor: Leather armour    ||     2
Dodge: Dodged            ||     8

Table legend: (Time is in decaauts)
 A = Elapsed time spent in this place.
 B = Non-inter-level travel time spent in this place.
 C = Inter-level travel time spent in this place.
 D = Time resting spent in this place.
 E = Time spent auto-exploring this place.
 F = Levels seen in this place.
 G = Mean time per level.
                   A        B        C        D        E       F      G
               +--------+--------+--------+--------+--------+-----+--------+
         Total |    807 |    801 |      6 |     64 |    524 |   3 |  269.0 |
       Dungeon |    398 |    395 |      3 |      0 |    226 |   2 |  199.0 |
        Temple |    408 |    405 |      3 |     64 |    298 |   1 |  408.0 |
               +--------+--------+--------+--------+--------+-----+--------+

Top non-repeatable levels by time:
  Temple: 408 daAuts
     D:4: 245 daAuts
     D:5: 153 daAuts

Table legend:
 A = Kills in this place as a percentage of kills in entire the game.
 B = Kills by you in this place as a percentage of kills by you in the entire game.
 C = Kills by friends in this place as a percentage of kills by friends in the entire game.
 D = Other kills in this place as a percentage of other kills in the entire game.
 E = Experience gained in this place as a percentage of experience gained in the entire game.
 F = Experience gained in this place divided by the number of levels of this place that you have seen.
                   A       B       C       D       E      F
               +-------+-------+-------+-------+-------+----------------------
         Total | 100.0 | 100.0 |   N/A |   N/A | 100.0 |   8.3
       Dungeon | 100.0 | 100.0 |   N/A |   N/A | 100.0 |  12.5
               +-------+-------+-------+-------+-------+----------------------
